AoeStats
← 冰川镜华

QS Arena

503772829Analyzed
4v4 RM · 1mo ago on Sep 2, 2026· 48m 58s· 8 players
Game mode
Random Map
Map size
Large (8 player)
Population
200
Speed
Normal
Resources
Standard
Victory
Conquest
Starting age
Dark Age
Ending age
Imperial Age
RankedLock teamsTeams togetherTeam positionsShared explorationLock speedFull tech treeHidden civsTurbo modeCheats
Victory
Defeat
🇨🇳 Poles · China
789
+14
🇹🇼 Bohemians · Taiwan
750
+16
🇨🇳 Huns · China
723
+17
🇪🇬 Saracens · Egypt
706
+18
🇳🇿 Koreans · New Zealand
770
-17
🇨🇳 Turks · China
764
-17
🇨🇴 Franks · Colombia
739
-16
🇵🇪 Hindustanis · Peru
695
-14
Witen
9:27 Feudal Age
10:05 Double-Bit Axe
16:59 Castle Age
19:38 Gold Mining
21:36 Stone Mining
23:05 Town Watch
25:10 Husbandry
27:53 Scale Barding Armor
28:00 Forging
30:50 Imperial Age
30:23 Wheelbarrow
30:29 Iron Casting
30:15 Chain Barding Armor
30:57 Cavalier
33:04 Paladin
34:37 Conscription
37:47 Plate Barding Armor
38:12 Blast Furnace
lav3rn3
0:49 Loom
11:24 Feudal Age
12:48 Wheelbarrow
13:19 Double-Bit Axe
13:38 Horse Collar
14:52 Gold Mining
15:53 Fletching
20:10 Stone Mining
24:12 Castle Age
24:39 Crossbowman
25:24 Thumb Ring
25:18 Bodkin Arrow
25:41 Hand Cart
28:08 Town Watch
30:06 Heavy Plow
30:19 Bow Saw
30:47 Stone Shaft Mining
30:48 Gold Shaft Mining
32:55 Town Patrol
38:06 Imperial Age
38:07 Caravan
38:31 Heavy Rocket Cart
39:48 Shinkichon
Crazy
8:00 Feudal Age
8:26 Double-Bit Axe
8:22 Horse Collar
14:40 Castle Age
12:48 Gold Mining
17:28 Fervor
17:42 Bow Saw
17:45 Heavy Plow
19:59 Loom
19:59 Town Watch
20:58 Forging
22:16 Wheelbarrow
22:43 Gold Shaft Mining
24:27 Husbandry
26:11 Hand Cart
26:43 Bloodlines
27:07 Scale Barding Armor
28:55 Chain Barding Armor
28:45 Grand Trunk Road
28:37 Stone Mining
30:41 Stone Shaft Mining
32:25 Iron Casting
32:17 Ballistics
32:08 Masonry
37:03 Imperial Age
37:08 Heavy Camel Rider
39:32 Conscription
40:42 Two-Man Saw
39:24 Imperial Camel Rider
40:01 Fletching
41:14 Blast Furnace
41:30 Chemistry
41:29 Thumb Ring
42:25 Plate Barding Armor
小菜机
8:07 Feudal Age
15:40 Castle Age
28:50 Caravan
30:02 Wheelbarrow
32:06 Imperial Age
30:42 Double-Bit Axe
30:46 Horse Collar
33:26 Elite Janissary
36:21 Fletching
36:32 Padded Archer Armor
36:44 Forging
37:57 Artillery
40:22 Scale Barding Armor
40:13 Bodkin Arrow
40:54 Iron Casting
40:36 Leather Archer Armor
40:57 Bloodlines
40:42 Heavy Camel Rider
平凡自在
6:39 Loom
9:04 Feudal Age
9:55 Horse Collar
10:01 Double-Bit Axe
12:26 Wheelbarrow
17:49 Castle Age
18:55 Bow Saw
18:49 Heavy Plow
20:22 Treadmill Crane
21:45 Chemistry
21:35 Hand Cart
24:53 Imperial Age
23:00 Town Watch
24:45 Ballistics
24:45 Fervor
25:33 Caravan
27:57 Two-Man Saw
28:44 Houfnice
29:21 Pikeman
30:01 Squires
30:11 Scale Mail Armor
30:21 Forging
30:05 Fletching
31:48 Siege Engineers
31:08 Halberdier
32:01 Masonry
31:55 Murder Holes
34:33 Iron Casting
34:13 Chain Mail Armor
40:23 Blast Furnace
39:53 Plate Mail Armor
40:47 Wagenburg Tactics
41:02 Conscription
40:04 Elite Hussite Wagon
40:50 Hussite Reforms
40:16 Sappers
47:38 Bodkin Arrow
47:44 Padded Archer Armor
47:50 Scale Barding Armor
48:26 Architecture
48:07 Fortified Wall
47:43 Arrowslits
冰川镜华
5:59 Loom
10:40 Feudal Age
11:06 Double-Bit Axe
11:13 Horse Collar
13:26 Wheelbarrow
13:27 Gold Mining
14:09 Stone Mining
18:17 Castle Age
18:12 Scale Barding Armor
18:15 Padded Archer Armor
19:49 Bow Saw
22:26 Caravan
23:54 Fletching
25:01 Hand Cart
25:56 Thumb Ring
26:55 Gold Shaft Mining
26:43 Bodkin Arrow
29:54 Forging
30:05 Chain Barding Armor
29:47 Scale Mail Armor
30:03 Leather Archer Armor
30:34 Town Watch
31:27 Iron Casting
31:22 Bloodlines
31:12 Husbandry
35:39 Imperial Age
35:08 Masonry
35:20 Ballistics
34:56 Murder Holes
35:38 Chain Mail Armor
36:01 Cavalier
37:44 Blast Furnace
37:20 Plate Barding Armor
37:13 Parthian Tactics
40:51 Paladin
47:55 Bracer
hayate kokoa
4:12 Loom
9:09 Feudal Age
13:32 Castle Age
12:02 Horse Collar
12:38 Stone Mining
14:44 Double-Bit Axe
21:40 Heavy Plow
22:28 Gold Mining
26:45 Imperial Age
25:09 Wheelbarrow
24:47 Town Watch
25:17 Forging
25:27 Szlachta Privileges
26:08 Forging
27:20 Hand Cart
27:11 Husbandry
27:21 Bloodlines
27:02 Cavalier
30:03 Chemistry
30:24 Crop Rotation
31:18 Conscription
31:51 Iron Casting
31:22 Scale Barding Armor
33:56 Blast Furnace
34:36 Chain Barding Armor
34:10 Treadmill Crane
34:41 Fortified Wall
39:33 Bow Saw
40:07 Stone Shaft Mining
39:49 Siege Engineers
39:40 Murder Holes
mightpath
2:49 Loom
8:25 Feudal Age
9:04 Double-Bit Axe
9:00 Horse Collar
14:24 Stone Mining
18:48 Castle Age
19:47 Bow Saw
19:38 Heavy Plow
20:31 Gold Mining
22:21 Gold Shaft Mining
23:18 Wheelbarrow
22:29 Town Watch
22:47 Padded Archer Armor
23:20 Fletching
23:16 Crossbowman
24:44 Hand Cart
25:33 Elite Skirmisher
26:53 Bodkin Arrow
28:50 Leather Archer Armor
29:29 Thumb Ring
32:44 Imperial Age
31:15 Ballistics
31:40 Town Patrol
34:43 Two-Man Saw
33:24 Arbalester
33:43 Capped Ram
34:30 Bracer
35:00 Ring Archer Armor
36:02 Chemistry
35:05 Treadmill Crane
37:39 Masonry
37:23 Siege Ram
42:02 Bimaristan
42:28 Hoardings
42:14 Conscription
43:00 Siege Engineers
42:50 Murder Holes
43:06 Fortified Wall
43:16 Forging
43:12 Scale Barding Armor
44:23 Husbandry
44:34 Bloodlines
44:08 Heavy Camel Rider
45:29 Iron Casting
45:15 Chain Barding Armor
46:10 Light Cavalry
48:50 Blast Furnace
48:26 Plate Barding Armor
47:29 Hussar
Connection lost

Rejoining the realm…

Still unreachable

The connection could not be restored.

Session expired

The server has moved on; the page needs a fresh start.